 Dungeon Crawl Stone Soup version 0.16.1 (webtiles) character file.

2006724 dysrexia the End of an Era (level 27, 268/268 HPs)
             Began as a Hill Orc Gladiator on Mar 22, 2015.
             Was the Champion of Qazlal.
             Escaped with the Orb
             ... and 3 runes on Mar 23, 2015!
             The game lasted 05:26:38 (50690 turns).

dysrexia the End of an Era (Hill Orc Gladiator)    Turns: 50690, Time: 05:26:38

Health: 268/268    AC: 43    Str: 28 (29) XL:     27
Magic:  45/45      EV: 22    Int:  7 (8)  God:    Qazlal [******]
Gold:   5523       SH:  8    Dex: 26 (28) Spells: 3 memorised, 13 levels left

rFire  + . .     SeeInvis +     Z - +9 executioner's axe (flame)
rCold  + . .     Clarity  .     E - +5 gold dragon armour
rNeg   + . .     SustAb   .     (no shield)
rPois  +         Gourm    .     j - +2 hat
rElec  +         Spirit   .     O - +2 cloak
rCorr  .         Warding  .     X - +3 pair of gauntlets of War {Slay+5}
rMut   .         Stasis   .     Q - +1 pair of boots of the Blessed Realm {SInv}
MR     ++...                    k - amulet of regeneration
Stlth  ..........               H - ring "Ufosoras" {rN+ Dex+7 Stlth+}
                                s - ring "Jaujir" {rElec Str+4 Dex+4}

@: very slightly contaminated, hasted, repel missiles, very quick, very
resistant to hostile enchantments, extremely unstealthy
A: deterioration 3, wild magic 1, no device heal 1, MP-powered wands 1
a: Upheaval, Elemental Force, Disaster Area, Renounce Religion
0: Orb of Zot
}: 3/15 runes: decaying, silver, gossamer


You escaped.
You worshipped Qazlal.
Qazlal was exalted by your worship.
You were not hungry.

You visited 11 branches of the dungeon, and saw 57 of its levels.
You also visited: Labyrinth, Sewer, Bailey, Ice Cave and Volcano.

You collected 5951 gold pieces.
You spent 428 gold pieces at shops.

Inventory:

Hand weapons
 D - the +10 blowgun of Soigucho {evade, -Tele rF+ Int+2}
   (You found it on level 12 of the Dungeon)

   It affects your evasion (+5 to EV).
   It affects your intelligence (+2).
   It protects you from fire.
   It prevents most forms of teleportation.
 Z - a +9 executioner's axe of flaming (weapon)
Missiles
 y - 7 curare-tipped needles
 V - 10 throwing nets (quivered)
Armour
 j - a +2 hat (worn)
 E - a +5 gold dragon armour (worn)
 O - a +2 cloak (worn)
 Q - the +1 pair of boots of the Blessed Realm (worn) {SInv}
   (You acquired it on level 5 of the Vaults)

   It enhances your eyesight.
 X - the +3 pair of gauntlets of War (worn) {Slay+5}
   (You found it on level 5 of the Vaults)

   It affects your accuracy and damage with ranged weapons and melee attacks
   (+5).
Jewellery
 d - the ring "Samesytu" {rPois rC++ EV+5 Str-4 Dex+4}
   (You took it off a hell knight on level 3 of the Depths)

   [ring of evasion]

   It affects your evasion (+5).
   It affects your strength (-4).
   It affects your dexterity (+4).
   It greatly protects you from cold.
   It protects you from poison.
 h - the ring of Robustness {AC+8}
   (You took it off a deep elf death mage on level 3 of the Elven Halls)

   [ring of protection]

   It affects your AC (+8).
 k - an amulet of regeneration (around neck)
 s - the ring "Jaujir" (left hand) {rElec Str+4 Dex+4}
   (You found it on level 3 of the Depths)

   [ring of strength]

   It affects your strength (+4).
   It affects your dexterity (+4).
   It insulates you from electricity.
 C - an uncursed ring of see invisible
 H - the ring "Ufosoras" (right hand) {rN+ Dex+7 Stlth+}
   (You found it on level 5 of the Vaults)

   [ring of stealth]

   It affects your dexterity (+7).
   It protects you from negative energy.
   It makes you more stealthy.
 M - the ring "Ralysaq" {rC+ MR+ Str+4}
   (You took it off a deep elf demonologist on level 3 of the Elven Halls)

   [ring of protection from magic]

   It affects your strength (+4).
   It protects you from cold.
   It affects your resistance to hostile enchantments.
 P - the ring of Eternal Harmony {Fire rElec Int-5 Dex+3 Stlth+}
   (You found it on level 5 of the Vaults)

   [ring of fire]

   It enhances your fire magic, and weakens your ice magic.
   It affects your intelligence (-5).
   It affects your dexterity (+3).
   It protects you from fire.
   It makes you vulnerable to cold.
   It insulates you from electricity.
   It makes you more stealthy.
 S - the ring of Polytheism {+Blink rPois rF+ Int+3 Dex-5 Stlth+}
   (You found it on level 3 of the Depths)

   [ring of stealth]

   It affects your intelligence (+3).
   It affects your dexterity (-5).
   It protects you from fire.
   It protects you from poison.
   It lets you blink.
   It makes you more stealthy.
Magical devices
 c - a wand of disintegration (2)
 g - a wand of teleportation (3)
 n - a wand of hasting (9)
 p - a wand of digging (14)
 x - a wand of heal wounds (5)
Scrolls
 e - 3 scrolls of fog
 r - 20 scrolls of teleportation
 z - a scroll of recharging
 F - 9 scrolls of fear
 G - 9 scrolls of magic mapping
 I - 2 scrolls of identify
 K - 2 scrolls of blinking
 N - 2 scrolls of silence
 U - 15 scrolls of remove curse
Potions
 i - 22 potions of curing
 l - 3 potions of resistance
 m - 5 potions of might
 o - a potion of magic
 q - 3 potions of cancellation
 t - 6 potions of flight
 u - 2 potions of invisibility
 v - 4 potions of haste
 A - 5 potions of agility
 J - 6 potions of brilliance
 R - 5 potions of heal wounds
Miscellaneous
 a - a fan of gales
Comestibles
 f - 16 meat rations


   Skills:
 + Level 25.9 Fighting
 O Level 27 Axes
 - Level 2.0 Throwing
 + Level 23.3 Armour
 + Level 18.7 Dodging
 O Level 27 Invocations


You had 13 spell levels left.
You knew the following spells:

 Your Spells              Type           Power        Failure   Level  Hunger
a - Control Teleport      Chrm/Tloc      #.........   100%        4    #####..
b - Flight                Chrm/Air       #.........   100%        3    ####...
c - Haste                 Chrm           #.......     100%        6    #######


Dungeon Overview and Level Annotations

Branches:
Dungeon (15/15)            Temple (1/1) D:5            Lair (8/8) D:8
  Swamp (5/5) Lair:4       Spider (5/5) Lair:3        Slime (0/6) Lair:8
    Orc (4/4) D:10            Elf (3/3) Orc:4        Vaults (5/5) D:13
  Crypt (1/3) Vaults:3     Depths (5/5) D:15            Zot (5/5) Depths:5

Altars:
Ashenzari
Cheibriados
Dithmenos
Elyvilon
Fedhas
Kikubaaqudgha
Makhleb
Okawaru
Qazlal
Ru
Zin
Jiyva

Shops:
D:11 %}(*!   Orc:4 *}%!   Depths:1 :[   Depths:3 =

Portals:
Hell: Depths:1 Depths:2 Depths:3 Depths:4 Depths:5
Abyss: Depths:3 Depths:4
Pandemonium: Depths:1 Depths:2 Depths:3
Ziggurat: Depths:1

Annotations:
Swamp:1 exclusion: Roxanne, Roxanne


Innate Abilities, Weirdness & Mutations

Your body is rapidly deteriorating.
Your spells are a little harder to cast, but a little more powerful.
Potions and wands are less effective at restoring your health.
You expend magic power (3 MP) to slightly strengthen your wands.


Message History

Qazlal accepts your kill.
Evoke which item? (* to show all) (? for menu, Esc to quit)
Zapping:
p - a wand of digging (15)
Press: ? - help, Shift-Dir - straight line The rock shatters into small pieces.
This wand has 14 charges left.
A rat comes into view.
You hit the rat! You burn the rat.
You kill the rat!
Qazlal accepts your kill.
There is an open door here.
You hit the plant!! You burn the plant.
The plant is heavily damaged.
You hit the plant!!! You burn the plant!
You destroy the plant!
There is a staircase leading out of the dungeon here.
Drink which item? (? for menu, Esc to quit)
You feel yourself speed up.
You hear a grinding noise.
You are very lightly contaminated with residual magic.
You have escaped!

#.# ######..........
#######.######...............
#[....................#######
#.####....###8'8###...# #.#
#...##≈≈≈.≈≈≈##..# #.#
#..##≈≈≈...≈≈≈##.# #.#
#.##≈≈P.§8..P≈≈### #.#
#.#≈≈≈...§..§≈≈≈# #.#
#.#≈P.8§§@..8.P≈# #.#
#.#≈≈≈..§..§.≈≈≈# #.#
#.##≈≈P..8..P≈≈### #.#
#..##≈≈≈.P.≈≈≈##.# #.#
#...##≈≈≈≈≈≈≈##.(# #.#
#....#########...# #.# #..###
###.# #.# ##.# #..# #.# #..#
#.##


There were no monsters in sight!

Vanquished Creatures
  12 orbs of fire
  4 ancient liches
  Boris (Vaults:4)
  Sojobo (Vaults:4)
  the Lernaean hydra (Swamp:5)
  Norris (Elf:2)
  2 Killer Klowns (Zot:5)
  2 curse toes
  The ghost of SaintRoka the Devastator, a great NaIE of Okawaru (Depths:2)
  7 golden dragons
  A pandemonium lord (D:9)
  Frederick (Depths:4)
  2 bone dragons (Depths:5)
  Arachne (Spider:3)
  Nikola (Swamp:2)
  11 tentacled monstrosities
  2 electric golems (Zot:5)
  24 Orb Guardians
  6 liches
  2 deep elf blademasters
  2 deep elf master archers (Elf:3)
  An Ice Fiend (Elf:3)
  Asterion (Elf:1)
  7 titans
  A Shadow Fiend (D:14)
  5 sphinxes
  An octopode crusher (Depths:4)
  Agnes (Spider:1)
  9 storm dragons
  7 tengu reavers
  Kirke (Spider:4)
  12 shadow dragons
  Frances (Swamp:1)
  13 fire giants
  A spectral weapon (Elf:1)
  A blood saint (Zot:5)
  5 draconian monks
  Donald (Swamp:2)
  11 frost giants
  Maud (Lair:3)
  2 iron dragons
  5 ghost moths
  A draconian knight (Depths:5)
  4 balrugs
  Louise (D:15)
  An orc warlord (Depths:3)
  10 emperor scorpions
  15 vault wardens
  3 draconian scorchers
  3 draconian zealots
  7 deep elf sorcerers (Elf:3)
  A reaper (Zot:2)
  Jorgrun (Vaults:2)
  3 draconian shifters
  3 war gargoyles
  12 very ugly things
  A draconian caller (Zot:1)
  4 draconian annihilators
  10 ironheart preservers
  6 grey draconians
  27 stone giants
  5 small abominations
  11 deep elf demonologists
  9 green draconians
  4 red draconians
  6 black draconians
  9 mottled draconians
  Azrael (Elf:2)
  3 pale draconians (Depths:5)
  8 white draconians
  11 dire elephants
  6 yellow draconians
  A lorocyproca (Elf:3)
  7 purple draconians
  39 vault guards
  11 deep elf annihilators
  19 ettins
  Snorg (Spider:1)
  10 deep elf death magi
  10 fire dragons
  An eidolon (Vaults:3)
  2 merfolk impalers
  6 minotaurs
  Josephine (D:13)
  7 deep elf high priests
  11 great orbs of eyes
  7 death cobs
  17 rakshasas
  25 yaktaur captains
  17 ice dragons
  Harold (Lair:6)
  30 hydras
  A monstrous demonspawn (Zot:2)
  Nessos (Spider:1)
  A spriggan air mage (Depths:5)
  11 deep troll earth magi
  Erica (Orc:3)
  7 centaur warriors
  16 dancing weapons
  23 ogre magi
  12 alligators
  2 vampire magi (Vaults:3)
  The ghost of stickyfingers the Basher, an experienced DgSu (D:10)
  A death knight (Depths:3)
  A ghost crab (Swamp:2)
  16 deep troll shamans
  2 hell hogs (Depths:1)
  An orc high priest (Depths:3)
  14 death yaks
  Urug (D:11)
  7 spriggan berserkers
  2 tengu warriors
  4 sun demons
  Nergalle (Orc:4)
  2 soul eaters
  17 hell knights
  A salamander mystic (Depths:4)
  A shadow demon (Vaults:5)
  9 skeletal warriors
  An ice devil (Elf:3)
  2 shadow wraiths
  22 deep elf knights
  5 unseen horrors
  4 iron trolls
  A giant orange brain (Depths:2)
  A lindwurm (shapeshifter) (Elf:2)
  A death drake (Zot:1)
  18 deep trolls
  10 deep elf summoners
  3 flayed ghosts
  18 ironbrand convokers
  An ice statue (IceCv)
  5 shambling mangroves
  Pikel (D:7)
  3 orc sorcerers
  3 wizards
  32 wolf spiders
  A phantasmal warrior (Depths:3)
  8 swamp dragons
  9 harpies
  A harpy (shapeshifter) (Vaults:4)
  A putrid demonspawn (Zot:5)
  A tengu skeleton (Depths:3)
  A wolf spider zombie (D:14)
  26 ugly things
  14 orc knights
  12 deep elf conjurers
  17 hill giants
  An anubis guard (shapeshifter) (Vaults:3)
  15 orb spiders
  8 necromancers
  2 fire giant zombies
  A mana viper (shapeshifter) (Vaults:5)
  2 griffons
  3 sixfirhies
  5 hornets
  7 cyclopes
  19 moths of wrath
  14 oklob plants
  2 large abominations
  8 manticores
  3 salamanders (Depths:4)
  15 elephants
  A guardian serpent (shapeshifter) (Depths:2)
  2 rust devils
  A cyclops (shapeshifter) (Vaults:5)
  Maurice (Orc:4)
  6 black mambas
  A smoke demon (Depths:5)
  24 spiny frogs
  3 torpor snails
  A titan simulacrum (Vaults:4)
  A gargoyle (D:12)
  Psyche (Orc:4)
  18 vault sentinels
  9 demonic crawlers
  52 yaktaurs
  A komodo dragon (shapeshifter) (Vaults:4)
  2 fire drakes (shapeshifter)
  An iron troll zombie (Depths:3)
  A two-headed ogre (shapeshifter) (Depths:2)
  5 komodo dragons
  4 hellwings
  12 deep elf priests
  3 harpy zombies (Depths:3)
  A tengu conjurer (Depths:2)
  2 blue devils (Elf:3)
  A troll (shapeshifter) (Elf:2)
  7 freezing wraiths
  14 trolls
  3 red devils (Depths:5)
  7 fire drakes
  6 giant leeches
  26 jumping spiders
  Sonja (D:12)
  8 bog bodies
  10 boulder beetles
  An ice dragon zombie (Depths:3)
  Grinder (D:3)
  7 baby alligators (Swamp:4)
  A wind drake (Zot:1)
  21 polar bears
  A baby alligator (shapeshifter) (Depths:1)
  2 trapdoor spider zombies
  20 blink frogs
  Edmund (D:7)
  17 slime creatures
  40 two-headed ogres
  2 boulder beetles (shapeshifter)
  2 deep troll zombies (Depths:3)
  A spriggan (shapeshifter) (Depths:4)
  20 ravens
  A tengu simulacrum (Vaults:2)
  An ettin zombie (Vaults:1)
  A flying skull (Vaults:3)
  23 trapdoor spiders
  20 tarantellas
  A centaur simulacrum (D:15)
  2 water elementals
  A wyvern (D:15)
  4 spriggans
  10 basilisks
  35 redbacks
  59 yaks
  A chaos spawn (Elf:3)
  2 vampires
  A fire elemental (Elf:2)
  34 deep elf magi
  Eustachio (Orc:1)
  An elf zombie (Vaults:1)
  A trapdoor spider (shapeshifter) (Vaults:1)
  6 air elementals
  7 wraiths
  4 fire bats (Depths:1)
  5 shadows
  3 hippogriffs
  7 hungry ghosts
  32 deep elf fighters
  2 steam dragons
  26 wolves
  5 mottled dragons
  42 vampire mosquitoes
  3 hogs (Spider:4)
  8 wargs
  A naga (shapeshifter) (Vaults:5)
  26 swamp worms
  20 insubstantial wisps
  22 water moccasins
  A neqoxec (Depths:3)
  48 orc warriors
  11 hell hounds
  14 ice beasts
  19 swamp drakes
  2 sky beasts
  A slave (D:7)
  6 porcupines
  2 eyes of draining (shapeshifter)
  72 ogres
  A dwarf (shapeshifter) (Elf:3)
  15 spiders
  2 necrophages (D:13)
  A phantom (Zot:5)
  3 eyes of draining
  9 wasps
  A black bear (D:4)
  12 centaurs
  16 boggarts
  Duvessa (D:7)
  3 big kobolds
  3 boring beetles
  23 crocodiles
  21 giant frogs
  A brain worm (shapeshifter) (Vaults:3)
  Blork the orc (D:3)
  A warg zombie (Depths:3)
  2 wyvern skeletons
  11 scorpions
  21 killer bees
  2 troll zombies (D:13)
  24 wights
  4 lava snakes (Lab)
  6 electric eels
  Dowan (D:7)
  A goliath beetle (D:7)
  6 centaur skeletons
  3 gnoll shamans
  4 centaur zombies
  6 human zombies
  A human simulacrum (Vaults:1)
  3 jellies
  7 crimson imps
  13 hounds
  8 iguanas
  2 quasits
  20 orc priests
  4 hell rats (Elf:1)
  21 orc wizards
  3 human skeletons
  8 worker ants
  18 sheep
  Ijyb (D:6)
  2 hound skeletons
  31 adders
  19 gnolls
  28 river rats
  2 shadow imps (D:5)
  6 giant mites
  2 giant eyeballs (Depths:3)
  A worm (D:5)
  An adder skeleton (D:9)
  163 orcs
  3 ball pythons
  A bat skeleton (D:6)
  5 giant cockroaches
  14 goblins
  27 hobgoblins
  11 jackals
  29 kobolds
  13 quokkas
  11 bats
  A giant cockroach zombie (D:5)
  7 giant geckos
  A giant gecko skeleton (D:5)
  7 giant newts
  A giant spore (D:13)
  7 orc zombies
  16 rats
  A spectral jackal (Swamp:2)
  7 ballistomycetes
  35 bushes
  9 crawling corpses
  57 fungi
  74 plants
2937 creatures vanquished.

Vanquished Creatures (collateral kills)
  Xtahua (Vaults:2)
  An ironbrand convoker (Vaults:2)
2 creatures vanquished.

Vanquished Creatures (others)
  A fire giant (Depths:2)
  A draconian knight (Zot:1)
  A draconian scorcher (Zot:1)
  A fire dragon (Depths:4)
  2 deep elf high priests (Elf:3)
  Fannar (Elf:1)
  An ice dragon (Depths:5)
  A deep troll (Depths:1)
  A torturous demonspawn (Zot:5)
  An ironbrand convoker (Vaults:5)
  A deep elf conjurer (Elf:2)
  An orb spider (Spider:1)
  A vault sentinel (Vaults:2)
  A demonic crawler (Spider:4)
  A jumping spider (Spider:1)
  A raven (Depths:4)
  An air elemental (Vaults:4)
  A water elemental (Vaults:2)
  2 water moccasins (Swamp:2)
  A deep troll zombie (Depths:3)
  2 insubstantial wisps (Swamp:2)
  A slave (D:7)
  2 boggarts (Depths:1)
  4 lost souls
  An orc wizard (Vaults:2)
  2 orcs (D:7)
  2 giant spores
  An orc zombie (Depths:3)
  8 bushes (Zot:1)
  6 fungi
  7 plants (Zot:1)
58 creatures vanquished.

Grand Total: 2997 creatures vanquished

Notes
Turn   | Place    | Note
--------------------------------------------------------------
     0 | D:1      | dysrexia, the Hill Orc Gladiator, began the quest for the Orb.
     0 | D:1      | Reached XP level 1. HP: 18/18 MP: 1/1
   517 | D:1      | Reached skill level 5 in Axes
   517 | D:1      | Reached XP level 2. HP: 23/25 MP: 2/2
   980 | D:2      | Reached XP level 3. HP: 30/30 MP: 3/3
  1341 | D:2      | Reached skill level 6 in Axes
  1428 | D:2      | Found an iron altar of Okawaru.
  1447 | D:2      | Reached XP level 4. HP: 33/37 MP: 4/4
  1670 | D:3      | Noticed an ogre
  1698 | D:3      | Killed an ogre
  1698 | D:3      | Reached skill level 8 in Axes
  1698 | D:3      | Reached XP level 5. HP: 39/42 MP: 5/5
  1764 | D:3      | Found a glowing drain.
  1788 | Sewer    | Entered a sewer
  1866 | Sewer    | Reached XP level 6. HP: 50/50 MP: 6/6
  2127 | D:3      | Noticed Grinder
  2142 | D:3      | Paralysed by Grinder for 2 turns
  2149 | D:3      | Killed Grinder
  2149 | D:3      | Reached skill level 10 in Axes
  2149 | D:3      | Reached XP level 7. HP: 48/56 MP: 7/7
  2356 | D:4      | Noticed Blork the orc
  2362 | D:3      | Killed Blork the orc
  2604 | D:4      | Reached skill level 11 in Axes
  2797 | D:5      | Entered Level 5 of the Dungeon
  2836 | D:5      | Reached XP level 8. HP: 62/62 MP: 8/8
  2919 | D:5      | Reached skill level 12 in Axes
  3005 | D:5      | Found a staircase to the Ecumenical Temple.
  3019 | Temple   | Entered the Ecumenical Temple
  3054 | Temple   | Became a worshipper of Qazlal Stormbringer
  3138 | D:5      | Found a sacrificial altar of Ru.
  3139 | D:5      | Found a shadowy altar of Dithmenos.
  3215 | D:5      | Reached skill level 5 in Fighting
  3584 | D:6      | Noticed Ijyb
  3592 | D:6      | Killed Ijyb
  3735 | D:6      | Reached XP level 9. HP: 80/82 MP: 9/9
  3834 | D:6      | Acquired Qazlal's first power
  4497 | D:7      | Found a staircase to the Ecumenical Temple.
  4604 | D:7      | Noticed Pikel
  4615 | D:7      | Killed Pikel
  4615 | D:7      | Reached skill level 10 in Fighting
  4749 | D:7      | Noticed Duvessa
  4751 | D:7      | Noticed Dowan
  4760 | D:7      | Killed Duvessa
  4767 | D:7      | Killed Dowan
  4823 | D:7      | Noticed Edmund
  4839 | D:7      | Acquired Qazlal's second power
  4844 | D:7      | Killed Edmund
  4899 | D:8      | Reached XP level 10. HP: 78/99 MP: 10/10
  5000 | D:8      | Reached skill level 1 in Armour
  5312 | D:8      | Acquired Qazlal's third power
  5459 | D:8      | Found a staircase to the Lair.
  5697 | Lair:1   | Entered Level 1 of the Lair of Beasts
  5791 | Lair:1   | Noticed an oklob plant
  5794 | Lair:1   | Noticed an oklob plant
  5854 | Lair:1   | Found a dark tunnel.
  5861 | Volcano  | Entered a volcano
  5933 | Volcano  | Noticed an orc knight
  5969 | Volcano  | Killed an orc knight
  5969 | Volcano  | Reached skill level 5 in Armour
  6087 | Volcano  | Reached skill level 5 in Dodging
  6227 | Lair:1   | Noticed a five-headed hydra
  6234 | Lair:1   | Killed a four-headed hydra
  6234 | Lair:1   | Reached XP level 11. HP: 80/106 MP: 11/11
  6858 | Lair:2   | Acquired Qazlal's fourth power
  7365 | Lair:3   | Found a hole to the Spider Nest.
  7476 | Lair:3   | Noticed Maud
  7486 | Lair:3   | Killed Maud
  7486 | Lair:3   | Reached XP level 12. HP: 79/113 MP: 12/12
  7543 | Lair:3   | Reached skill level 10 in Armour
  7576 | Lair:3   | Reached skill level 1 in Invocations
  7770 | Lair:4   | Noticed a death yak
  7786 | Lair:4   | Killed a death yak
  7940 | Lair:4   | Reached skill level 13 in Axes
  8287 | Lair:4   | Reached skill level 5 in Invocations
  8422 | Lair:4   | Found a staircase to the Swamp.
  8640 | Lair:5   | Reached skill level 14 in Axes
  8661 | Lair:5   | Acquired Qazlal's fifth power
  8679 | Lair:5   | Found a labyrinth entrance.
  8760 | Lab      | Entered a labyrinth
  8999 | Lab      | Noticed a minotaur
  9006 | Lab      | Killed a minotaur
  9021 | Lab      | Got an ancient lapis lazuli ring
  9022 | Lab      | Identified the ring of Neseecye {rF+ Stlth-} (You found it in a labyrinth)
  9511 | Lair:6   | Reached skill level 15 in Axes
  9518 | Lair:6   | Reached XP level 13. HP: 96/119 MP: 24/24
  9562 | Lair:6   | Noticed Harold
  9570 | Lair:6   | Killed Harold
  9829 | Lair:6   | Reached skill level 16 in Axes
  9871 | Lair:6   | Noticed an eight-headed hydra
  9881 | Lair:6   | Killed a five-headed hydra
 10112 | Lair:7   | Reached skill level 17 in Axes
 10241 | Lair:7   | Reached skill level 10 in Invocations
 10595 | Lair:8   | Entered Level 8 of the Lair of Beasts
 10640 | Lair:8   | Reached skill level 18 in Axes
 10642 | Lair:8   | Reached XP level 14. HP: 59/127 MP: 28/28
 11158 | Lair:8   | Reached skill level 19 in Axes
 11290 | Lair:8   | Found a viscous altar of Jiyva.
 11290 | Lair:8   | Found a staircase to the Slime Pits.
 11631 | Lair:1   | Noticed an oklob plant
 11673 | Lair:1   | Killed an oklob plant
 11673 | Lair:1   | Killed an oklob plant
 11690 | Lair:1   | Killed an oklob plant
 12291 | D:10     | Entered Level 10 of the Dungeon
 12321 | D:10     | Noticed stickyfingers' ghost (experienced DgSu)
 12345 | D:10     | Killed stickyfingers' ghost
 12722 | D:10     | Found a staircase to the Orcish Mines.
 12738 | Orc:1    | Entered Level 1 of the Orcish Mines
 12836 | Orc:1    | Noticed Eustachio
 12843 | Orc:1    | Killed Eustachio
 12866 | Orc:1    | Found a flagged portal.
 12880 | Bailey   | Entered a bailey
 12929 | Bailey   | Got a smelly scale mail
 13194 | Orc:1    | Identified the +5 scale mail "Hoarenet" {rPois MR+} (You found it in a bailey)
 13457 | Orc:3    | Found a frozen archway.
 13560 | IceCv    | Entered an ice cave
 13563 | IceCv    | Reached skill level 20 in Axes
 13806 | IceCv    | Reached XP level 15. HP: 130/134 MP: 31/31
 14018 | Orc:3    | Noticed Erica
 14026 | Orc:3    | Killed Erica
 14101 | Orc:3    | Reached skill level 21 in Axes
 14347 | Orc:4    | Entered Level 4 of the Orcish Mines
 14391 | Orc:4    | Noticed Psyche
 14395 | Orc:4    | Killed Psyche
 14404 | Orc:4    | Noticed Nergalle
 14413 | Orc:4    | Killed Nergalle
 14672 | Orc:4    | Upgraded the game from 0.16.0-17-g811c1d7 to 0.16.0-18-g484a79e
 14732 | Orc:4    | Noticed Maurice
 14746 | Orc:4    | Killed Maurice
 14749 | Orc:4    | Found a staircase to the Elven Halls.
 14852 | Orc:4    | Found Praircha's Gadget Boutique.
 14854 | Orc:4    | Found Akameel's General Store.
 14865 | Orc:4    | Found Quuqudao's Distillery.
 14872 | Orc:4    | Found Mnatuere's Food Boutique.
 15578 | Swamp:1  | Entered Level 1 of the Swamp
 15630 | Swamp:1  | Learned a level 4 spell: Control Teleport
 15708 | Swamp:1  | Noticed Frances
 15726 | Swamp:1  | Killed Frances
 16371 | Swamp:1  | Noticed Roxanne
 16588 | Swamp:2  | Noticed Nikola
 16710 | Spider:1 | Entered Level 1 of the Spider Nest
 16826 | Spider:1 | Noticed Agnes
 16864 | Spider:1 | Killed Agnes
 17216 | Spider:1 | Reached XP level 16. HP: 143/145 MP: 32/32
 17218 | Spider:1 | Noticed Snorg
 17228 | Spider:1 | Killed Snorg
 17360 | Spider:1 | Noticed Nessos
 17371 | Spider:1 | Killed Nessos
 17430 | Spider:1 | Identified a scroll of acquirement
 17680 | Spider:2 | Reached skill level 15 in Invocations
 18437 | Spider:3 | Noticed Arachne
 18450 | Spider:3 | Killed Arachne
 18862 | Spider:3 | Gained mutation: Your spells are a little harder to cast, but a little more powerful. [potion of beneficial mutation]
 19201 | Spider:4 | Noticed Kirke
 19215 | Spider:4 | Killed Kirke
 19360 | Spider:5 | Entered Level 5 of the Spider Nest
 19524 | Spider:5 | Reached skill level 15 in Fighting
 19558 | Spider:5 | Reached skill level 10 in Dodging
 20011 | Spider:5 | Reached XP level 17. HP: 147/156 MP: 34/34
 21030 | Spider:5 | Got a gossamer rune of Zot
 21707 | Swamp:2  | Noticed Donald
 22003 | Swamp:2  | Killed Nikola
 22033 | Swamp:2  | Killed Donald
 22542 | Swamp:2  | You fall through a shaft for 2 floors!
 23169 | Swamp:3  | Reached XP level 18. HP: 166/168 MP: 35/35
 23598 | Swamp:5  | Entered Level 5 of the Swamp
 23974 | Swamp:5  | Noticed the 27-headed Lernaean hydra
 23985 | Swamp:5  | Killed the 23-headed Lernaean hydra
 24233 | Swamp:5  | Got a decaying rune of Zot
 24920 | D:11     | Found Tiad's Assorted Antiques.
 25000 | D:11     | Bought 2 scrolls of enchant armour for 300 gold pieces
 25120 | D:11     | Found Wuinair's Antique Weapon Boutique.
 25148 | D:11     | Found Cofiusu's Gadget Boutique.
 25163 | D:11     | Found Gonefruu's Food Shop.
 25198 | D:11     | Noticed Urug
 25202 | D:11     | Killed Urug
 25409 | D:11     | Found Areuk's Distillery.
 25427 | D:11     | Bought a potion of invisibility for 128 gold pieces
 25583 | D:12     | Identified a +1 rod of clouds (9/9) (You found it on level 12 of the Dungeon)
 25635 | D:12     | Noticed Sonja
 25678 | D:12     | Killed Sonja
 25833 | D:12     | Got a brightly glowing blowgun
 25834 | D:12     | Identified the +10 blowgun of Soigucho {evade, -Tele rF+ Int+2} (You found it on level 12 of the Dungeon)
 26324 | D:13     | Found a gate to the Vaults.
 26461 | D:13     | Noticed Josephine
 26468 | D:13     | Killed Josephine
 26744 | D:13     | Found an ancient bone altar of Kikubaaqudgha.
 27050 | Vaults:1 | Entered Level 1 of the Vaults
 27083 | Vaults:1 | Got a faintly humming helmet
 27084 | Vaults:1 | Identified the +0 helmet "Heju" {rElec rF- rC+ rN+} (You found it on level 1 of the Vaults)
 27372 | Vaults:1 | Reached XP level 19. HP: 177/177 MP: 37/37
 27725 | Vaults:2 | Reached skill level 15 in Armour
 27819 | Vaults:2 | Noticed Jorgrun
 27860 | Vaults:2 | Killed Jorgrun
 28372 | Vaults:2 | Noticed Xtahua
 28397 | Vaults:2 | Killed Xtahua
 29003 | Vaults:3 | Got a smoking war axe
 29004 | Vaults:3 | Identified the cursed +2 war axe of Fate {venom, rN+ SInv} (You found it on level 3 of the Vaults)
 29505 | Vaults:3 | Reached XP level 20. HP: 180/189 MP: 38/38
 29561 | Vaults:3 | Found a staircase to the Crypt.
 29582 | Crypt:1  | Entered Level 1 of the Crypt
 30359 | Vaults:4 | Noticed Sojobo
 30404 | Vaults:4 | Killed Sojobo
 31060 | Vaults:4 | Noticed Boris
 31585 | Vaults:4 | Killed Boris
 32026 | Vaults:4 | Reached XP level 21. HP: 118/199 MP: 39/39
 32642 | Elf:1    | Entered Level 1 of the Elven Halls
 32902 | Elf:1    | Noticed Fannar
 32912 | Elf:1    | Killed Fannar
 33157 | Elf:1    | Noticed Asterion
 33164 | Elf:1    | Killed Asterion
 33703 | Elf:2    | Found a huge runed gate.
 33704 | Elf:2    | Found a huge runed gate.
 33704 | Elf:2    | Found a huge runed gate.
 33708 | Elf:2    | Found a huge runed gate.
 33709 | Elf:2    | Found a huge runed gate.
 33760 | Elf:2    | Noticed Azrael
 33775 | Elf:2    | Killed Azrael
 33905 | Elf:2    | Noticed Norris
 34172 | Elf:2    | Killed Norris
 34460 | Elf:3    | Entered Level 3 of the Elven Halls
 35037 | Elf:3    | Gained mutation: You are agile. (Dex +2) [potion of beneficial mutation]
 35043 | Elf:3    | Learned a level 3 spell: Flight
 35359 | Elf:3    | Reached XP level 22. HP: 183/211 MP: 40/40
 35392 | Elf:3    | Got a topaz-encrusted chain mail
 35506 | Elf:3    | Identified the +5 chain mail of Beauty {Int+6} (You found it on level 3 of the Elven Halls)
 35690 | Elf:3    | Got a vibrating copper ring
 35782 | Elf:3    | Identified the Reference Book on Freezing Confrontation
 35819 | Elf:3    | Identified the ring "Ralysaq" {rC+ MR+ Str+4} (You took it off a deep elf demonologist on level 3 of the Elven Halls)
 35833 | Elf:3    | Got a jewelled shadow dragon armour
 35834 | Elf:3    | Identified the +1 shadow dragon armour "Blaff" {+Fly Str+3 Dex+3 Stlth++++} (You found it on level 3 of the Elven Halls)
 36630 | D:14     | Reached skill level 22 in Invocations
 36675 | D:14     | Found a snail-covered altar of Cheibriados.
 36842 | D:15     | Entered Level 15 of the Dungeon
 36983 | D:15     | Noticed Louise
 36999 | D:15     | Killed Louise
 37179 | D:15     | Found a burning altar of Makhleb.
 37273 | D:15     | Found a staircase to the Depths.
 37632 | Depths:1 | Entered Level 1 of the Depths
 37687 | Depths:1 | Found a gateway to Hell.
 37876 | Depths:1 | Found a one-way gate leading to the halls of Pandemonium.
 38087 | Depths:1 | Upgraded the game from 0.16.0-18-g484a79e to 0.16.1
 38120 | Depths:1 | Found Xiej's One-of-a-Kind Books.
 38200 | Depths:1 | Reached skill level 23 in Invocations
 38616 | Depths:1 | Found Plog's Armour Shoppe.
 38675 | Depths:1 | Found a gateway to a ziggurat.
 38803 | Depths:2 | Noticed SaintRoka's ghost (great NaIE)
 38830 | Depths:2 | Killed SaintRoka's ghost
 38830 | Depths:2 | Reached XP level 23. HP: 187/217 MP: 37/41
 39406 | Depths:2 | Learned a level 6 spell: Haste
 39786 | Depths:3 | Reached skill level 24 in Invocations
 39811 | Depths:3 | Gained mutation: Your body is slowly deteriorating. [a neqoxec]
 40090 | Depths:3 | Paralysed by a giant eyeball for 4 turns
 40446 | Depths:3 | Paralysed by a giant eyeball for 2 turns
 40481 | Depths:3 | Found Moibiuw's Jewellery Shop.
 40626 | Depths:2 | Reached XP level 24. HP: 135/226 MP: 43/43
 40751 | Depths:3 | Reached skill level 25 in Invocations
 40945 | Depths:3 | Found a one-way gate to the infinite horrors of the Abyss.
 40975 | Depths:3 | Got a smoking brass ring
 40977 | Depths:3 | Identified the ring "Jaujir" {rElec Str+4 Dex+4} (You found it on level 3 of the Depths)
 41060 | Depths:3 | Got a bound tin ring
 41062 | Depths:3 | Identified the ring of Polytheism {+Blink rPois rF+ Int+3 Dex-5 Stlth+} (You found it on level 3 of the Depths)
 41182 | Depths:4 | Noticed Frederick
 41193 | Depths:4 | Killed Frederick
 41577 | Depths:4 | Reached skill level 26 in Invocations
 42283 | Depths:5 | Entered Level 5 of the Depths
 42641 | Depths:5 | Reached XP level 25. HP: 226/233 MP: 44/44
 43042 | Depths:5 | Reached skill level 27 in Invocations
 43436 | Depths:5 | Reached skill level 27 in Axes
 43579 | Depths:5 | Found a runed door.
 43583 | Depths:5 | Found a runed door.
 43623 | Depths:5 | Found a runed door.
 43649 | Depths:5 | Found a runed door.
 43678 | Depths:5 | Found a runed door.
 43678 | Depths:5 | Found a runed door.
 43864 | Depths:5 | Found a gate to the Realm of Zot.
 44647 | Vaults:5 | Entered Level 5 of the Vaults
 44953 | Vaults:5 | Reached XP level 26. HP: 222/246 MP: 44/44
 45006 | Vaults:5 | Noticed an ancient lich
 45132 | Vaults:4 | Killed an ancient lich
 45524 | Vaults:5 | Got a silver rune of Zot
 45692 | Vaults:5 | Got a slimy tin ring
 45725 | Vaults:5 | Got a transparent lead ring
 45749 | Vaults:5 | Identified the ring "Kyfuwuul" {SustAb +Fly rPois rC+ Str+4 Int-4} (You found it on level 5 of the Vaults)
 45750 | Vaults:5 | Identified the ring of Fyghooxt {rElec rPois MR- Dex+7} (You took it off an ironbrand convoker on level 5 of the Vaults)
 45851 | Vaults:5 | Got a pair of heavily runed gloves
 45862 | Vaults:5 | Identified the cursed -5 pair of gloves of a volcano {Dex+3} (You found it on level 5 of the Vaults)
 46152 | Vaults:5 | Got a coiled amber ring
 46158 | Vaults:5 | Got a pair of heavily runed boots
 46170 | Vaults:5 | Identified the +1 pair of boots of the Blessed Realm {SInv} (You acquired it on level 5 of the Vaults)
 46175 | Vaults:5 | Got a flickering bone ring
 46176 | Vaults:5 | Identified the ring "Ufosoras" {rN+ Dex+7 Stlth+} (You found it on level 5 of the Vaults)
 46177 | Vaults:5 | Identified the ring of Eternal Harmony {Fire rElec Int-5 Dex+3 Stlth+} (You found it on level 5 of the Vaults)
 46501 | Depths:3 | Got a pitted pewter ring
 46662 | Zot:1    | Entered Level 1 of the Realm of Zot
 46786 | Zot:1    | Reached skill level 15 in Dodging
 48083 | Zot:3    | Reached XP level 27. HP: 259/259 MP: 45/45
 48529 | Zot:4    | Noticed an orb of fire
 48541 | Zot:4    | Killed an orb of fire
 48688 | Zot:5    | Entered Level 5 of the Realm of Zot
 48849 | Zot:5    | Gained mutation: Your magical capacity is low (-10% MP). [an orb of fire]
 48850 | Zot:5    | Noticed an orb of fire
 48867 | Zot:5    | Killed an orb of fire
 48912 | Zot:5    | Noticed an ancient lich
 48925 | Zot:5    | Killed an ancient lich
 49140 | Zot:5    | Noticed an ancient lich
 49144 | Zot:5    | Killed an ancient lich
 49153 | Zot:5    | Noticed an orb of fire
 49159 | Zot:5    | Killed an orb of fire
 49181 | Zot:5    | Noticed an orb of fire
 49184 | Zot:5    | Noticed an orb of fire
 49185 | Zot:5    | Noticed an orb of fire
 49188 | Zot:5    | Gained mutation: Your body is deteriorating. [an orb of fire]
 49189 | Zot:5    | Killed an orb of fire
 49199 | Zot:5    | Gained mutation: You expend magic power (3 MP) to slightly strengthen your wands. [an orb of fire]
 49202 | Zot:5    | Killed an orb of fire
 49202 | Zot:5    | Lost mutation: You are agile. (Dex +2) [an orb of fire]
 49211 | Zot:5    | Killed an orb of fire
 49436 | Zot:5    | Noticed an orb of fire
 49436 | Zot:5    | Noticed an orb of fire
 49437 | Zot:5    | Gained mutation: Potions and wands are less effective at restoring your health. [an orb of fire]
 49440 | Zot:5    | Gained mutation: Your body is rapidly deteriorating. [an orb of fire]
 49442 | Zot:5    | Noticed an ancient lich
 49447 | Zot:5    | Killed an orb of fire
 49454 | Zot:5    | Killed an orb of fire
 49459 | Zot:5    | Noticed an orb of fire
 49462 | Zot:5    | Killed an ancient lich
 49484 | Zot:5    | Noticed an orb of fire
 49492 | Zot:5    | Killed an orb of fire
 49495 | Zot:5    | Noticed an orb of fire
 49502 | Zot:5    | Lost mutation: Your magical capacity is low (-10% MP). [an orb of fire]
 49505 | Zot:5    | Killed an orb of fire
 49520 | Zot:5    | Identified the ring "Samesytu" {rPois rC++ EV+5 Str-4 Dex+4} (You took it off a hell knight on level 3 of the Depths)
 49534 | Zot:5    | Noticed an orb of fire
 49548 | Zot:5    | Killed an orb of fire
 49890 | Zot:5    | Got the Orb of Zot
 49948 | Zot:5    | Noticed an orb of fire
 49960 | Zot:5    | Killed an orb of fire
 50526 | D:9      | Noticed Blusa the pandemonium lord
 50534 | D:9      | Killed Blusa the pandemonium lord
 50690 | D:$      | Escaped with the Orb!

Action                   |  1- 3 |  4- 6 |  7- 9 | 10-12 | 13-15 | 16-18 | 19-21 | 22-24 | 25-27 || total
-------------------------+-------+-------+-------+-------+-------+-------+-------+-------+-------++-------
Melee: War axe           |    63 |    79 |   155 |     5 |     3 |       |       |       |       ||   305
       Battleaxe         |       |       |   130 |   429 |  1060 |  1568 |  1098 |       |       ||  4285
       Executioner's axe |       |       |       |       |       |       |   346 |  1273 |  1075 ||  2694
Throw: Throwing net      |       |     4 |     1 |     2 |       |     2 |       |       |       ||     9
Invok: Upheaval          |       |       |       |       |     3 |     2 |     6 |     4 |     2 ||    17
       Disaster Area     |       |       |       |       |       |     1 |     2 |     2 |     3 ||     8
       Elemental Force   |       |       |       |       |       |       |     1 |       |       ||     1
Evoke: Wand              |       |       |       |     1 |       |       |       |     4 |    18 ||    23
  Use: Scroll            |     4 |     4 |    12 |    11 |    10 |    10 |     6 |     9 |    21 ||    87
       Potion            |       |       |       |     2 |     4 |     8 |     4 |     4 |     8 ||    30
 Stab: Held in net/web   |       |     1 |     1 |       |       |       |       |       |       ||     2
       Invisible         |       |       |       |       |     1 |       |       |       |     2 ||     3
       Confused          |       |       |       |       |       |     5 |       |       |       ||     5
       Distracted        |       |       |       |       |       |       |     2 |       |       ||     2
  Eat: Chunk             |     1 |     3 |    11 |    16 |    16 |    29 |    22 |    22 |     8 ||   128
       Fruit             |       |       |       |     5 |     2 |     4 |       |       |     5 ||    16
       Beef jerky        |       |       |       |     1 |     2 |     2 |     1 |       |     2 ||     8
       Pizza             |       |       |       |     1 |     1 |     2 |       |     3 |     1 ||     8
       Meat ration       |       |       |       |     1 |       |     1 |       |       |     1 ||     3
       Bread ration      |       |       |       |       |     1 |     1 |     2 |     3 |     4 ||    11
       Royal jelly       |       |       |       |       |       |       |     1 |       |       ||     1
